 Dungeon Crawl Stone Soup version 0.29.1-2-gbd0b4ee654 (webtiles) character file.

Game seed: 4758144407606414770

1796 qeuew the Schismatic (level 8, -3/54 (62) HPs)
             Began as a Demonspawn Abyssal Knight on Nov 7, 2022.
             Was an Elder of Lugonu.
             Slain by a wight
             ... wielding a +4 flail
              (10 damage)
             ... on level 6 of the Dungeon.
             The game lasted 00:08:55 (4503 turns).

qeuew the Schismatic (Demonspawn Abyssal Knight)    Turns: 4503, Time: 00:08:55

HP:   -3/54 (62)    AC:  6    Str: 23    XL:     8   Next: 83%
MP:   20/22         EV: 12    Int: 10    God:    Lugonu [****..]
Gold: 265           SH:  0    Dex: 13    Spells: 11/12 levels left

rFire   . . .      SeeInvis .   k - +2 hand axe (venom)
rCold   . . .      Faith    .   (no shield)
rNeg    . . .      Spirit   .   h - +1 ring mail
rPois   .          Reflect  .   (no helmet)
rElec   +          Harm     .   (no cloak)
rCorr   .          Rampage  .   (no gloves)
Will    .....                   (no boots)
Stlth   +.........              i - amulet of Iheurif {Acrobat rElec Regen+ Str+3}
HPRegen 0.98/turn               b - ring of magical power
MPRegen 0.18/turn               (no ring)

@: heavily drained
A: powered by pain 2, spiny 1, sense surroundings 1, strong 1, no potion heal 1
a: Renounce Religion, Depart the Abyss, Bend Space, Banish, Corrupt


You were on level 6 of the Dungeon.
You worshipped Lugonu.
Lugonu was greatly pleased with you.
You visited 1 branch of the dungeon, and saw 6 of its levels.
You visited the Abyss 1 time.
You also visited: Ossuary.

You collected 265 gold pieces.

Inventory:

Hand Weapons
 k - a +2 hand axe of venom (weapon)
Missiles
 e - 2 throwing nets
Armour
 h - a +1 ring mail (worn)
Jewellery
 b - a ring of magical power (left hand)
 i - the amulet of Iheurif (around neck) {Acrobat rElec Regen+ Str+3}
   (You found it on level 3 of the Dungeon)

   [amulet of the acrobat]

   It increases your evasion while moving and waiting.
   Str:       It affects your strength (+3).
   rElec:     It insulates you from electricity.
   Regen:     It increases your rate of health regeneration.
Wands
 o - a wand of charming (5)
Scrolls
 d - 2 scrolls of magic mapping
 j - 2 scrolls of teleportation
 l - 2 scrolls of identify
 m - 2 scrolls of enchant armour
 p - a scroll of torment {unknown}
Potions
 c - a potion of invisibility
 f - 3 potions of curing
 g - 3 potions of flight
 n - 2 potions of haste
 q - a potion of degeneration {unknown}


   Skills:
 + Level 5.1 Fighting
 * Level 5.5 Axes
 + Level 4.1 Armour
 + Level 3.4 Dodging
 + Level 2.8 Spellcasting
 - Level 2.8 Conjurations
 * Level 7.0 Invocations


You had 11 spell levels left.
You knew the following spells:

 Your Spells              Type           Power      Damage    Failure   Level
a - Magic Dart            Conj           28%        1d4       14%         1

Your spell library contained the following spells:

 Spells                   Type           Power      Damage    Failure   Level
 Shock                    Conj/Air       16%        1d4       24%         1
 Call Imp                 Summ           1%         N/A       54%         2
 Ensorcelled Hibernation  Hex/Ice        2%         N/A       54%         2
 Mephitic Cloud           Conj/Pois/Air  3%         N/A       65%         3
 Spider Form              Tmut/Pois      1%         N/A       78%         3
 Swiftness                Air            1%         N/A       78%         3
 Airstrike                Air            0%         2d(1-17)  99%         4
 Anguish                  Hex/Necr       0%         N/A       99%         4


Dungeon Overview and Level Annotations

Branches:
Dungeon (6/15)             Temple (0/1) D:4         Ossuary (visited)

Altars:
Kikubaaqudgha
Qazlal

Annotations:
D:5 2 transporters


Innate Abilities, Weirdness & Mutations

You sometimes gain power by taking damage.
You are partially covered in sharp spines.
You passively map a small area around you.
Your muscles are strong. (Str +4, Int/Dex -1)
Potions are less effective at restoring your health.


Message History

The wight is almost destroyed.
You hit the wight. The wight misses you. The wight hits you with a +0 trident!
* * * LOW HITPOINT WARNING * * *
You feel drained.
* * * LOW HITPOINT WARNING * * *
Unknown command.
Casting: Magic Dart (safe; 14% risk of failure)
Confirm with . or Enter, or press ? or * to list all spells.
Aiming: Magic Dart (safe; 14% risk of failure)
Press: ? - help, Shift-Dir - straight line, f - wight
Aim: a wight, wielding a +4 flail and wearing a +0 robe (heavily damaged, 100% to hit)
Okay, then.
Space bends violently around you!
You blink.
Aiming: Magic Dart (safe; 14% risk of failure)
Press: ? - help, Q - select action, (/) - cycle Shift-Dir - straight line, f - wight
Aim: a wight, wielding a +0 trident and wearing a +0 robe (almost destroyed, 100% to hit)
The magic dart hits the wight but does no damage.
The wight is almost destroyed.
Aiming: Magic Dart (safe; 14% risk of failure)
Press: ? - help, Q - select action, (/) - cycle Shift-Dir - straight line, f/p - wight
Aim: a wight, wielding a +0 trident and wearing a +0 robe (almost destroyed, 100% to hit)
Okay, then.
Aiming: Magic Dart (safe; 14% risk of failure)
Press: ? - help, Q - select action, (/) - cycle Shift-Dir - straight line, f/p - wight
Aim: a wight, wielding a +0 trident and wearing a +0 robe (almost destroyed, 100% to hit)
The magic dart hits the wight but does no damage.
The wight is almost destroyed.
The wight misses you. The wight is struck by your spines.
The wight completely misses you. x2
You hit the wight.
The wight is severely damaged.
You hit the wight.
You destroy the wight!
Lugonu accepts your kill. The wight misses you.
Your Invocations skill increases to level 7!
You barely miss the wight.
The wight is severely damaged.
The wight hits you with a +4 flail!
You die...

* *##### ### ,
...###.## # *
#.##.#.###
#.#####...###..# *
#...@z...## ##.##
#....)))## ##.#
#...........#
##.######
#.###..>......#
#........
#..........#.#.#####.
######...##.##.# #. *
##.######.# #. #..,,
..# #. #.# * ### #.


You could see a wight.

Vanquished Creatures
  Grinder (D:3)
  Eustachio (D:5)
  2 ice beasts
  2 ogres
  A phantom (D:5)
  2 elf zombies (Ossuary)
  A bullfrog (D:6)
  2 necrophages
  2 scorpions
  3 wights (D:6)
  2 centaur zombies (Ossuary)
  2 human zombies (Ossuary)
  A jelly (D:5)
  3 hounds (D:5)
  Jessica (D:2)
  Ijyb (D:3)
  2 mummies (Ossuary)
  4 adders
  An ufetubus (D:5)
  2 adder zombies (Ossuary)
  2 worms
  2 dart slugs
  3 orcs
  8 ball pythons
  4 endoplasms
  2 giant cockroaches (D:1)
  2 goblins
  5 hobgoblins
  2 quokkas
  6 bats
  5 frilled lizards
  A goblin zombie (Ossuary)
  12 hobgoblin zombies (Ossuary)
  A kobold (D:1)
  9 kobold zombies (Ossuary)
  7 orc zombies (Ossuary)
  A rat (D:3)
108 creatures vanquished.

Vanquished Creatures (others)
  19 plants
19 creatures vanquished.

Grand Total: 127 creatures vanquished

Notes
Turn   | Place    | Note
-------+----------+-------------------------------------------
     0 | Abyss:1  | qeuew the Demonspawn Abyssal Knight began the quest for the
                  | Orb.
     0 | Abyss:1  | Reached XP level 1. HP: 18/18 MP: 2/2
     1 | D:1      | Escaped the Abyss
    51 | D:1      | Reached skill level 1 in Dodging
   179 | D:1      | Gained mutation: You are partially covered in sharp spines.
                  | [demonic ancestry]
   179 | D:1      | Reached XP level 2. HP: 6/24 MP: 3/3
  1269 | D:2      | Reached XP level 3. HP: 29/29 MP: 4/4
  1410 | D:2      | Noticed Jessica
  1418 | D:2      | Killed Jessica
  2183 | D:3      | Noticed an ogre
  2194 | D:3      | Killed an ogre
  2195 | D:3      | Reached skill level 3 in Invocations
  2195 | D:3      | Reached XP level 4. HP: 37/37 MP: 6/6
  2195 | D:3      | Gained mutation: You sometimes gain a little power by
                  | taking damage. [demonic ancestry]
  2195 | D:3      | Reached XP level 5. HP: 42/42 MP: 7/7
  2245 | D:3      | Identified the amulet of Iheurif {Acrobat rElec Regen+
                  | Str+3}
  2354 | D:3      | Learned a level 1 spell: Magic Dart
  2372 | D:3      | Found a stormy altar of Qazlal.
  2555 | D:3      | Noticed Ijyb
  2564 | D:3      | Killed Ijyb
  2573 | D:3      | Reached *** piety under Lugonu
  2629 | D:3      | Noticed Grinder
  2656 | D:3      | Paralysed by Grinder for 3 turns
  2659 | D:3      | Killed Grinder
  2660 | D:3      | Reached skill level 1 in Conjurations
  2660 | D:3      | Reached skill level 4 in Invocations
  2660 | D:3      | Reached XP level 6. HP: 8/48 MP: 9/9
  2874 | D:4      | Reached skill level 1 in Spellcasting
  2948 | D:4      | Found a staircase to the Ecumenical Temple.
  3085 | D:4      | Gained mutation: You sometimes gain power by taking damage.
                  | [demonic ancestry]
  3085 | D:4      | Reached XP level 7. HP: 32/54 MP: 10/10
  3180 | D:4      | You fall into a shaft and drop 1 floor!
  3180 | D:5      | Entered Level 5 of the Dungeon
  3189 | D:5      | Found a sand-covered staircase.
  3198 | Ossuary  | Entered an ossuary
  3280 | Ossuary  | Reached **** piety under Lugonu
  3312 | Ossuary  | Reached skill level 5 in Invocations
  3442 | Ossuary  | Gained mutation: Your spells are a little easier to cast,
                  | but a little less powerful. [potion of mutation]
  3442 | Ossuary  | Gained mutation: You have large cloven feet. [potion of
                  | mutation]
  3443 | Ossuary  | Lost mutation: You have large cloven feet. [potion of
                  | mutation]
  3443 | Ossuary  | Lost mutation: Your spells are a little easier to cast, but
                  | a little less powerful. [potion of mutation]
  3443 | Ossuary  | Gained mutation: You passively map a small area around you.
                  | [potion of mutation]
  3443 | Ossuary  | Gained mutation: Potions are less effective at restoring
                  | your health. [potion of mutation]
  3443 | Ossuary  | Gained mutation: Your muscles are strong. (Str +4, Int/Dex
                  | -1) [potion of mutation]
  3588 | D:5      | Reached XP level 8. HP: 61/61 MP: 12/12
  3594 | D:5      | Found a transporter.
  3595 | D:5      | Identified the +6 spear "Jellyslayer" {venom, rPois rF-
                  | Str+3}
  3595 | D:5      | Identified the +2 kite shield of Lightning Storm {rC+
                  | Slay+3}
  3620 | D:5      | Noticed Eustachio
  3633 | D:5      | Killed Eustachio
  3728 | D:5      | Reached skill level 6 in Invocations
  3773 | D:5      | HP: 3/61 [ogre/+0 giant spiked club (31)]
  3775 | D:5      | Reached skill level 5 in Axes
  3862 | D:5      | Found an ancient bone altar of Kikubaaqudgha.
  4123 | D:5      | Found a transporter.
  4422 | D:6      | Reached skill level 5 in Fighting
  4503 | D:6      | Reached skill level 7 in Invocations
  4503 | D:6      | Slain by a wight

Illustrated notes

Levels and vault maps discovered:
D:1:      giann_forest_graveyard, layout_loops_ring
D:2:      layout_loops_cross, kennysheep_nondescript, serial_bayou_lagoon_a,
          kennysheep_jessica_study
D:3:      layout_basic, grunt_qazlal_clouds, uniq_ijyb, uniq_grinder
D:4:      layout_gridville, nicolae_uskayaw_murder_on_the_dancefloor,
          minmay_temple_entry_trees, minmay_pentangle
D:5:      layout_loops_ring, lemuel_coloured_pillars_altar, enter_ossuary_2,
          gammafunk_ghost_gnarly_gnolls, uniq_eustachio
D:6:      layout_loops_corners, minmay_circle_x, uniq_blork_the_orc

Skill      XL: |  1  2  3  4  5  6  7  8 |
---------------+-------------------------+-----
Dodging        | 1 2 3 |  3.4
Axes           | 2 3 4 5 |  5.5
Armour         | 2 3 4 |  4.1
Invocations    | 3 4 5 7 |  7.0
Fighting       | 4 5 |  5.1
Conjurations   | 1 2 |  2.8
Spellcasting   | 1 2 |  2.8

Action                   |  1- 3 |  4- 6 |  7- 9 || total
-------------------------+-------+-------+-------++-------
Melee: Hand axe          |    71 |    65 |   164 ||   300
       Punch             |     1 |       |     5 ||     6
 Cast: Magic Dart        |       |       |     4 ||     4
Invok: Bend Space        |       |       |     1 ||     1
  Use: Scroll            |     5 |     2 |     2 ||     9
       Potion            |     3 |     1 |     7 ||    11
Armor: Leather armour    |     9 |       |       ||     9
       Ring mail         |     7 |    17 |    47 ||    71
Dodge: Dodged            |    35 |    28 |   140 ||   203
